 Dungeon Crawl Stone Soup version 0.28.0-53-g5a82cb258f (webtiles) character file.

Game seed: 12543348426173057633

79 quokkamancerX the Slasher (level 4, -3/35 HPs)
             Began as a Human Berserker on June 28, 2022.
             Was a Believer of Trog.
             Slain by a quokka (5 damage)
             ... on level 2 of the Dungeon.
             The game lasted 00:05:03 (2174 turns).

quokkamancerX the Slasher (Human Berserker)         Turns: 2174, Time: 00:05:04

Health: -3/35      AC:  2    Str: 19    XL:     4   Next: 64%
Magic:  4/4        EV: 12    Int:  7    God:    Trog [**....]
Gold:   46         SH:  0    Dex: 19    Spells: 3/3 levels left

rFire   . . .      SeeInvis .   a - +0 long sword
rCold   . . .      Faith    .   (no shield)
rNeg    . . .      Spirit   .   b - +0 animal skin
rPois   .          Reflect  .   (no helmet)
rElec   .          Harm     .   (no cloak)
rCorr   .          Rampage  .   (no gloves)
Will    +....                   (no boots)
Stlth   ++........              (no amulet)
HPRegen 0.11/turn               d - ring of willpower
MPRegen 0.09/turn               e - +6 ring of dexterity

@: on berserk cooldown, slowed, very slow
A: no striking features
a: Renounce Religion, Berserk, Trog's Hand


You were on level 2 of the Dungeon.
You worshipped Trog.
Trog was pleased with you.
You visited 1 branch of the dungeon, and saw 3 of its levels.

You collected 46 gold pieces.

Inventory:

Hand Weapons
 a - a +0 long sword (weapon)
Armour
 b - a +0 animal skin (worn)
Jewellery
 d - a ring of willpower (left hand)
 e - a +6 ring of dexterity (right hand)
 h - a ring of flight
Wands
 j - a wand of flame (19)
Scrolls
 f - a scroll of vulnerability {unknown}
 g - a scroll of amnesia {unknown}
 k - a scroll of teleportation {unknown}
 l - a scroll of silence {unknown}
Potions
 c - a potion of curing {unknown}
 i - a potion of flight {unknown}


   Skills:
 - Level 3.0 Fighting
 + Level 5.1 Long Blades
 - Level 2.0 Armour
 - Level 2.0 Dodging


You had 3 spell levels left.
You didn't know any spells.
Your spell library was empty.

Dungeon Overview and Level Annotations

Branches:
Dungeon (3/15)

Altars:


Message History

A quokka comes into view.
The gnoll hits you with a +0 spear!
You see here a ball python corpse.
A red film seems to cover your vision as you go berserk!
You feel yourself moving faster!
You feel mighty!
A gnoll comes into view. It is wielding a +0 spear.
The gnoll hits you with a +0 spear.
The gnoll hits you from afar with a +0 spear!
You barely miss the gnoll.
The gnoll shouts!
The gnoll hits you from afar with a +0 spear.
The gnoll shouts!
The quokka bites you but does no damage.
The gnoll hits you with a +0 spear.
You feel a strong urge to attack something.
The gnoll barely misses you.
You see here a ball python corpse.
The gnoll barely misses you.
There is a stone staircase leading up here.
You feel your anger nearly subside. The gnoll closely misses you.
You climb upwards.
You are no longer berserk.
You are exhausted.
You feel yourself slow down.
There is a stone staircase leading down here.
You hit the gnoll.
The gnoll is moderately wounded.
The quokka barely misses you. The gnoll hits you with a +0 spear.
* * * LOW HITPOINT WARNING * * *
The quokka bites you.
* * * LOW HITPOINT WARNING * * *
The gnoll hits you with a +0 spear.
* * * LOW HITPOINT WARNING * * *
The quokka closely misses you.
The gnoll hits you from afar with a +0 spear.
* * * LOW HITPOINT WARNING * * *
The quokka misses you. The gnoll barely misses you. The quokka bites you.
You die...

..................>......#....###
..#.............###..##..........
..#........#...................##
#.#..............................
.................................
..##.....#...g........##.......>.
..###...##............#≈......<..
..# #.###.......r....##≈.........
..# #..#).......@....#≈≈≈..###...
..###...............##≈≈#........
...#......#.........#≈≈##.####...
.....#..............#≈≈#.........
..........###.......#≈##.####....
...............#≈#.##≈#.## #.#..
##.#..#.....####≈###≈≈#..# ##.###
.....###......##≈# #≈≈#..###.....
.....# #####..#≈≈# #≈≈####...#...


You could see a gnoll and a quokka.

Vanquished Creatures
  3 adders
  3 worms (D:2)
  A dart slug (D:1)
  7 endoplasms
  3 giant cockroaches (D:2)
  A hobgoblin (D:1)
  5 jackals (D:2)
  3 quokkas (D:2)
  2 ball pythons
  4 bats
  A frilled lizard (D:1)
  3 goblins
  2 kobolds (D:2)
  4 rats
42 creatures vanquished.

Notes
Turn   | Place    | Note
-------+----------+-------------------------------------------
     0 | D:1      | quokkamancerX the Human Berserker began the quest for the
                  | Orb.
     0 | D:1      | Reached XP level 1. HP: 18/18 MP: 1/1
   426 | D:1      | Reached XP level 2. HP: 24/24 MP: 2/2
   445 | D:1      | Found a faded altar of an unknown god.
  1201 | D:2      | Reached skill level 4 in Long Blades
  1201 | D:2      | Reached XP level 3. HP: 17/29 MP: 3/3
  1522 | D:2      | Reached XP level 4. HP: 26/35 MP: 4/4
  1653 | D:2      | Reached ** piety under Trog
  2030 | D:3      | Reached skill level 5 in Long Blades
  2174 | D:2      | Slain by a quokka

Illustrated notes

Levels and vault maps discovered:
D:1:      lemuel_arrival_broad_hall, layout_rooms,
          dreamdust_ecumenical_altar_hidden_monk_grotto
D:2:      layout_rooms, chequers_serial_rivers_large_b
D:3:      wander_river, layout_basic

Skill      XL: |  1  2  3  4 |
---------------+-------------+-----
Long Blades    | 4 5 |  5.1
Fighting       | |  3.0
Armour         | |  2.0
Dodging        | |  2.0

Action                   |  1- 3 |  4- 6 || total
-------------------------+-------+-------++-------
Melee: Falchion          |    80 |       ||    80
       Punch             |     1 |     1 ||     2
       Long sword        |    10 |    45 ||    55
Invok: Berserk           |     2 |     1 ||     3
 Stab: Sleeping          |       |     1 ||     1
Armor: Animal skin       |    25 |     7 ||    32
Dodge: Dodged            |    61 |    32 ||    93
